 Dungeon Crawl Stone Soup version 0.28.0-53-g5a82cb258f (webtiles) character file.

Game seed: 8692888155656796099

13017 Zeld the Cleaver (level 11, -6/107 HPs)
             Began as a Minotaur Berserker on May 23, 2022.
             Was a Priest of Trog.
             Mangled by a hell knight
             ... wielding a +2 scimitar of flaming
              (9 damage)
             ... in a volcano.
             The game lasted 00:12:32 (16604 turns).

Zeld the Cleaver (Minotaur Berserker)              Turns: 16604, Time: 00:12:33

Health: -6/107     AC: 18    Str: 26    XL:     11   Next: 70%
Magic:  10/10      EV: 10    Int:  4    God:    Trog [***...]
Gold:   36         SH:  0    Dex: 10    Spells: 10/10 levels left

rFire   + . .      SeeInvis .   a - +2 broad axe (vorpal)
rCold   + . .      Faith    .   (no shield)
rNeg    . . .      Spirit   .   G - +0 plate armour
rPois   +          Reflect  .   t - +1 hat
rElec   +          Harm     .   l - +0 cloak
rCorr   +          Rampage  .   F - +0 pair of gloves
Will    ++...                   (no boots)
Stlth   ..........              (no amulet)
HPRegen 1.27/turn               v - ring of poison resistance
MPRegen 0.12/turn               (no ring)

@: resistant, strong-willed, on berserk cooldown, regenerating, slowed, very
slow
A: horns 2, retaliatory headbutt
a: Renounce Religion, Berserk, Trog's Hand


You were in a volcano.
You worshipped Trog.
Trog was most pleased with you.
You visited 3 branches of the dungeon, and saw 14 of its levels.
You also visited: Ossuary and Volcano.

You collected 638 gold pieces.
You spent 602 gold pieces at shops.

Inventory:

Hand Weapons
 a - a +2 vorpal broad axe (weapon)
Armour
 l - a +0 cloak (worn)
 t - a +1 hat (worn)
 F - a +0 pair of gloves (worn)
 G - a +0 plate armour (worn)
Jewellery
 v - a ring of poison resistance (left hand)
Wands
 b - a wand of mindburst (6)
 r - a wand of paralysis (6)
 x - a wand of flame (9)
 I - a wand of digging (7)
 J - a wand of polymorph (4)
Scrolls
 d - 7 scrolls of teleportation
 e - 2 scrolls of identify
 h - 3 scrolls of brand weapon
 k - 2 scrolls of enchant armour
 n - 2 scrolls of enchant weapon
 p - a scroll of summoning
 B - 2 scrolls of fear
Potions
 c - 4 potions of curing {unknown}
 f - 2 potions of cancellation {unknown}
 i - 6 potions of heal wounds {unknown}
 j - 4 potions of haste {unknown}
 s - 3 potions of lignification {unknown}
 u - 2 potions of flight {unknown}
 z - a potion of attraction {unknown}
 A - a potion of degeneration {unknown}
 C - 2 potions of berserk rage {unknown}
 D - a potion of mutation {unknown}
 E - a potion of ambrosia {unknown}
 H - a potion of resistance
 L - a potion of invisibility {unknown}
 M - 2 potions of magic {unknown}


   Skills:
 * Level 13.5 Fighting
 * Level 13.5 Axes
 + Level 9.5 Armour
 + Level 8.8 Dodging


You had 10 spell levels left.
You didn't know any spells.
Your spell library was empty.

Dungeon Overview and Level Annotations

Branches:
Dungeon (12/15)            Temple (1/1) D:5            Lair (1/6) D:9
    Orc (0/2) D:10        Ossuary (visited)         Volcano (1/1)

Altars:
Ashenzari
Cheibriados
Dithmenos
Elyvilon
Fedhas
Gozag
Hepliaklqana
Kikubaaqudgha
Makhleb
Nemelex Xobeh
Okawaru
Qazlal
Ru
Sif Muna
Trog
Uskayaw
Vehumet
Wu Jian
Xom
Yredelemnul
Zin
The Shining One

Shops:
D:3 (   D:4 *   D:6 *


Innate Abilities, Weirdness & Mutations

You have a pair of horns on your head.
You reflexively headbutt those who attack you in melee.


Message History

The hell knight gestures at you while chanting.
The bolt of fire hits you!!
* * * LOW HITPOINT WARNING * * *
H - 2 potions of resistance (gained 1)
You see here a +2 rapier of flaming.
Okay, then.
Unknown command.
Okay, then.
Unknown command.
Unknown command.
You feel protected.
The hell knight casts a spell.
The hell knight blinks!
Unknown command.
Your skin crawls.
You feel strong-willed.
Unknown command.
You start resting.
A hell knight is nearby!
A hell knight is nearby!
A hell knight is nearby!
A hell knight is nearby!
You hit the hell knight.
You headbutt the hell knight, but do no damage.
The hell knight is severely wounded.
The hell knight barely misses you. You furiously retaliate!
You headbutt the hell knight, but do no damage.
The hell knight hits you with a +2 scimitar of flaming.
* * * LOW HITPOINT WARNING * * *
You hit the hell knight. You headbutt the hell knight!
The hell knight is almost dead.
The hell knight hits you with a +2 scimitar of flaming.
* * * LOW HITPOINT WARNING * * *
The hell knight hits you with a +2 scimitar of flaming!!
* * * LOW HITPOINT WARNING * * *
The hell knight burns you.
* * * LOW HITPOINT WARNING * * *
Unknown command.
The hell knight hits you with a +2 scimitar of flaming!
You die...

#### ##☼≈## #☼≈§≈##
#☼≈≈..# ##≈≈$.[##
#≈≈≈![p@# #≈≈$∩.).#
##§≈.#### ###§.#
##.## #..## ##
#p..##..##
##....§§§..
#.§..§§≈§≈≈≈....###


You could see a hell knight (fast).

Vanquished Creatures
  A death knight (D:7)
  A boulder beetle (D:10)
  Erica (D:9)
  A two-headed ogre (D:9)
  An ugly thing (Volcano)
  A rime drake (Lair:1)
  A troll (D:10)
  A hornet (D:11)
  Prince Ribbit (D:7)
  Sigmund (D:6)
  2 wraiths
  A wyvern (D:8)
  25 yaks
  Eustachio (D:5)
  A basilisk (D:11)
  An acid dragon (D:9)
  3 water moccasins
  An ice beast (D:7)
  4 orc warriors
  A black bear (D:7)
  3 ogres
  4 centaurs
  5 phantoms
  Blork the orc (D:6)
  2 kobold brigands
  2 scorpions
  2 water moccasin zombies (Ossuary)
  2 troll zombies (D:10)
  3 wights (D:9)
  10 killer bees
  4 howler monkeys
  A centaur zombie (D:5)
  A jelly (D:5)
  2 centaur skeletons
  4 hounds
  7 orc priests
  A bullfrog skeleton (D:7)
  10 orc wizards
  6 ogre zombies (D:10)
  2 mummies (Ossuary)
  2 howler monkey zombies (D:9)
  3 gnolls (D:4)
  4 river rats (D:5)
  4 adders
  A shadow imp (D:7)
  3 white imps
  An ufetubus (D:5)
  4 adder zombies (Ossuary)
  2 adder skeletons (D:4)
  4 worms (D:5)
  6 dart slugs
  25 orcs
  7 ball pythons
  2 bats (D:3)
  5 endoplasms
  A giant cockroach (D:1)
  4 goblins
  7 hobgoblins
  3 jackals (D:1)
  5 quokkas
  2 frilled lizards (D:2)
  4 gnoll zombies (Ossuary)
  A goblin skeleton (D:10)
  A goblin zombie (D:10)
  2 hobgoblin zombies
  13 kobolds
  4 kobold zombies (Ossuary)
  6 orc skeletons (D:10)
  21 orc zombies
  8 rats
277 creatures vanquished.

Vanquished Creatures (collateral kills)
  A hydra (D:11)
1 creature vanquished.

Vanquished Creatures (others)
  A bush (Lair:1)
1 creature vanquished.

Grand Total: 279 creatures vanquished

Notes
Turn   | Place    | Note
-------+----------+-------------------------------------------
     0 | D:1      | Zeld the Minotaur Berserker began the quest for the Orb.
     0 | D:1      | Reached XP level 1. HP: 19/19 MP: 0/0
   357 | D:1      | Reached XP level 2. HP: 27/27 MP: 1/1
   420 | D:1      | Found a faded altar of an unknown god.
  1022 | D:2      | Reached ** piety under Trog
  1023 | D:2      | Reached XP level 3. HP: 31/33 MP: 2/2
  1680 | D:3      | Found Reduck's Weapon Shoppe.
  2155 | D:4      | Noticed a killer bee
  2155 | D:4      | Noticed a killer bee
  2156 | D:4      | Noticed a killer bee
  2158 | D:4      | Reached XP level 4. HP: 41/41 MP: 3/3
  2349 | D:4      | Reached skill level 5 in Axes
  2354 | D:4      | Reached skill level 5 in Fighting
  2354 | D:4      | Reached XP level 5. HP: 39/48 MP: 4/4
  2632 | D:4      | Reached XP level 6. HP: 54/56 MP: 5/5
  2834 | D:4      | Found Zeywnuc's Assorted Antiques.
  2837 | D:4      | Bought a scroll labelled KALACR IDAE for 22 gold pieces
  2837 | D:4      | Bought 3 scrolls labelled WESSUB NELATUM for 66 gold pieces
  3249 | D:4      | Reached XP level 7. HP: 60/63 MP: 6/6
  3291 | D:5      | Entered Level 5 of the Dungeon
  3719 | D:5      | Reached *** piety under Trog
  3979 | D:5      | Found a glowing drain.
  4367 | D:4      | Bought a glowing bone wand for 88 gold pieces
  4703 | D:5      | Found a staircase to the Ecumenical Temple.
  4728 | Temple   | Entered the Ecumenical Temple
  5698 | D:6      | Noticed Blork the orc
  5699 | D:6      | Noticed Eustachio
  5722 | D:5      | Killed Eustachio
  5723 | D:5      | Reached skill level 5 in Armour
  5723 | D:5      | Reached XP level 8. HP: 38/73 MP: 7/7
  5937 | D:6      | Killed Blork the orc
  6006 | D:6      | Noticed Sigmund
  6287 | D:6      | Killed Sigmund
  6288 | D:6      | Reached skill level 5 in Dodging
  7061 | D:6      | Found Pofaw's Assorted Antiques.
  7297 | D:7      | Found a sand-covered staircase.
  7348 | Ossuary  | Entered an ossuary
  7590 | Ossuary  | Reached XP level 9. HP: 70/82 MP: 8/8
  7751 | Ossuary  | Reached **** piety under Trog
  7814 | D:7      | Noticed Prince Ribbit
  7850 | D:7      | Killed Prince Ribbit
  8308 | D:7      | Found a burning altar of Makhleb.
  8311 | D:7      | Found a shimmering altar of Xom.
  8314 | D:7      | Found a glowing silver altar of Zin.
  8707 | D:7      | Noticed a death knight
  8717 | D:7      | Killed a death knight
  8718 | D:7      | Reached skill level 10 in Fighting
  8718 | D:7      | Reached skill level 10 in Axes
  8911 | D:7      | Found a snail-covered altar of Cheibriados.
  9123 | D:6      | Bought a scroll labelled ERAGUPHUTWU for 26 gold pieces
  9123 | D:6      | Bought a scroll labelled ERAGUPHUTWU for 26 gold pieces
  9123 | D:6      | Bought a silvery potion for 23 gold pieces
  9123 | D:6      | Bought an iron wand for 104 gold pieces
  9815 | D:7      | Found an ornate altar of the Wu Jian Council.
 10059 | D:9      | Noticed Erica
 10084 | D:9      | Killed Erica
 10085 | D:9      | Reached XP level 10. HP: 33/94 MP: 9/9
 10571 | D:9      | Noticed a two-headed ogre
 10580 | D:9      | Killed a two-headed ogre
 11195 | D:9      | Found a staircase to the Lair.
 11970 | D:9      | Reached ***** piety under Trog
 12363 | D:10     | Entered Level 10 of the Dungeon
 13028 | D:10     | Found a staircase to the Orcish Mines.
 13047 | D:10     | Reached XP level 11. HP: 81/104 MP: 10/10
 13806 | D:11     | Received a gift from Trog
 13811 | D:11     | Noticed a six-headed hydra
 13918 | D:11     | Noticed a boulder beetle
 14074 | D:10     | Killed a boulder beetle
 14470 | D:11     | Killed a six-headed hydra
 14635 | D:11     | Identified the +2 leather armour "Luyjon" {rF+ Dex+4}
 15114 | D:11     | Found a sacrificial altar of Ru.
 15116 | D:11     | Found a basalt altar of Yredelemnul.
 15116 | D:11     | Found a shimmering altar of Xom.
 15118 | D:11     | Found a glowing silver altar of Zin.
 15118 | D:11     | Found an iron altar of Okawaru.
 15118 | D:11     | Found a glowing silver altar of Zin.
 15386 | D:12     | Noticed a six-headed hydra
 15998 | D:6      | Bought a runed battleaxe for 247 gold pieces
 16075 | Lair:1   | Entered Level 1 of the Lair of Beasts
 16161 | Lair:1   | Found a dark tunnel.
 16170 | Volcano  | Entered a volcano
 16423 | Volcano  | Noticed a red ugly thing
 16430 | Volcano  | Killed a red ugly thing
 16584 | Volcano  | Noticed a hell knight
 16603 | Volcano  | HP: 5/107 [hell knight/+2 scimitar of flaming (18)]
 16603 | Volcano  | HP: 1/107 [hell knight/+2 scimitar of flaming (4)]
 16604 | Volcano  | Mangled by a hell knight

Illustrated notes

Levels and vault maps discovered:
D:1:      mainiacjoe_arrival_reflecting_pool, layout_loops_cross,
          ebering_ecumenical_altar_sacrificial, minivault_19
D:2:      minmay_skewed_foursquare, layout_basic
D:3:      layout_basic, serial_shops, nicolae_shop_bloodbath_and_beyond
D:4:      layout_loops_ring, serial_shops, kennysheep_mini,
          minmay_misc_feat_tiny
D:5:      layout_cave_pools, minmay_temple_entry_sparse_star,
          lightli_sewer_entry_pipes
D:6:      layout_gridville, nicolae_take_the_stairs, uniq_eustachio,
          uniq_sigmund, uniq_blork_the_orc
D:7:      layout_basic, nicolae_overflow_hidden_temple,
          lightli_ossuary_entry_decrepit_ruins, feat_on_display,
          uniq_prince_ribbit1
D:8:      layout_gridville
D:9:      layout_loops_corners, lair_entry_dummy, minmay_statues_item,
          nrook_loot_triangle, uniq_erica
D:10:     layout_long_grid, zombieorc2_lemuel
D:11:     layout_basic, doesnt_xom_only_xom
D:12:     layout_roguey
Temple:   minmay_crystal_spiral_temple
Lair:1:   layout_concentric_octagons, enter_volcano_1, beast_lair_carwin_2,
          infiniplex_staircase_pool_2
Volcano:  volcano_pools

Skill      XL: |  1  2  3  4  5  6  7  8  9 10 11 |
---------------+----------------------------------+-----
Axes           | 4 5 6 7 8 10 12 13 | 13.5
Fighting       | 4 5 6 7 8 10 12 13 | 13.5
Armour         | 3 4 5 6 7 8 9 |  9.5
Dodging        | 3 4 5 7 8 |  8.8

Action                   |  1- 3 |  4- 6 |  7- 9 | 10-12 || total
-------------------------+-------+-------+-------+-------++-------
Melee: Hand axe          |    64 |    59 |   381 |   282 ||   786
       Headbutt          |     8 |    11 |    85 |    96 ||   200
       Punch             |       |       |     6 |    14 ||    20
       Broad axe         |       |       |       |    96 ||    96
Invok: Berserk           |       |     1 |     4 |     1 ||     6
       Brothers in Arms  |       |       |       |     6 ||     6
       Trog's Hand       |       |       |       |     1 ||     1
  Use: Scroll            |       |       |       |    14 ||    14
       Potion            |       |       |       |     1 ||     1
Armor: Animal skin       |    11 |     6 |    44 |       ||    61
       Plate armour      |       |       |    37 |   210 ||   247
Dodge: Dodged            |    52 |    38 |   222 |   175 ||   487
